 Dungeon Crawl Stone Soup version 0.31-a0-983-g7b6862f502 (webtiles) character file.

Game seed: 2783257903903066731

62 sokol815 the Changeling (level 4, -4/29 HPs)
             Began as an Octopode Shapeshifter on Nov 2, 2023.
             Killed from afar by Natasha (11 damage)
             ... with a puff of flame
             ... on level 2 of the Dungeon.
             The game lasted 00:04:17 (1118 turns).

sokol815 the Changeling (Octopode Shapeshifter)     Turns: 1118, Time: 00:04:18

Health: -4/29      AC:  1    Str: 15    XL:     4   Next: 8%
Magic:  4/4        EV: 13    Int: 12    God:
Gold:   50         SH:  0    Dex: 11    Spells: 3/3 levels left

rFire   . .          .
                       - Unarmed
rCold   . . .        (no shield)
rNeg    . . .        (helmet currently unavailable)
rPois   .            (no amulet)
rElec   .            (no ring)
rCorr   .            (no ring)
SInv    .            (no ring)
Will    .....        (no ring)
Stlth   ++           (no ring)
HPRegen 0.24/turn    (no ring)
MPRegen 0.09/turn    (no ring)
                     (no ring)

%: no passive effects
@: beast-form
A: beast (slay +2), almost no armour, amphibious, 8 rings, camouflage 1,
gelatinous body 1, (nimble swimmer 1), tentacles
a: Begin Untransformation


You were on level 2 of the Dungeon.
You were a hulking beast.
You visited 1 branch of the dungeon, and saw 2 of its levels.

You collected 50 gold pieces.

Inventory:

Hand Weapons
 f - a +2 dagger of speed
   (You found it on level 1 of the Dungeon)
Missiles
 s - 12 stones
Talismans
 b - a beast talisman (active)
 c - a flux talisman
Scrolls
 g - a scroll of immolation {unknown}
 h - a scroll of fog {unknown}
 j - 2 scrolls of identify {unknown}
Potions
 a - a potion of cancellation {unknown}
 d - 2 potions of curing {unknown}
 e - 2 potions of heal wounds {unknown}
 i - a potion of degeneration {unknown}
 P - a potion of lignification {!q}


   Skills:
 + Level 2.0 Fighting
 + Level 2.6 Dodging
 + Level 3.4 Unarmed Combat
 * Level 3.5 Shapeshifting


You had 3 spell levels left.
You didn't know any spells.
Your spell library contained the following spells:

 Spells                   Type           Power      Damage    Failure   Level
 Apportation              Tloc           0%         N/A       32%         1
 Jinxbite                 Hex            0%         N/A       45%         2
 Sublimation of Blood     Necr           0%         N/A       45%         2
 Wereblood                Tmut           0%         N/A       45%         2
 Alistair's Intoxication  Tmut/Pois      0%         N/A       100%        5
 Summon Hydra             Summ           0%         N/A       100%        7


Dungeon Overview and Level Annotations

Branches:
Dungeon (2/15) Zot: 10884

Altars:

Annotations:
D:2 Natasha


Innate Abilities, Weirdness & Mutations

You are a hulking beast.
Your limbs bulge with bestial killing power. (Slay +2)
You cannot wear most types of armour.
You are amphibious.
You can wear up to eight rings at the same time.
Your skin changes colour to match your surroundings (Stealth+).
Your rubbery body absorbs attacks. (AC +1, EV +1)
((You are camouflaged when in or above water. (Stealth+)))
You have tentacles for arms and can constrict up to eight enemies at once.


Message History

e - 2 cyan potions (gained 1)
There is a stone staircase leading up here.
As you open the door, it creaks loudly!
Unknown command.
There is an open door here.
There is an open door here.
You open the door.
Found a stone staircase leading down.
A giant cockroach comes into view.
There is an open door here.
The giant cockroach misses you.
You tentacle-slap the giant cockroach but do no damage.
Your grab misses the giant cockroach. You squeeze the giant cockroach.
You kill the giant cockroach!
No target in view!
You open the door.
There is an open door here.
A bat comes into view.
The bat hits you but does no damage.
You tentacle-slap the bat. You grab the bat. You constrict the bat.
The bat closely misses you.
The bat struggles to escape constriction.
The bat closely misses you.
You tentacle-slap the bat.
You kill the bat!
No target in view!
A bat comes into view.
You see here a bat corpse.
The bat closely misses you. The bat closely misses you.
The bat hits you but does no damage.
You tentacle-slap the bat. Your grab misses the bat.
Your squeeze misses the bat. The bat barely misses you.
The bat closely misses you. The bat barely misses you.
You bludgeon the bat!
You kill the bat!
No target in view!
No target in view!
A quokka comes into view.
Found a stone staircase leading down.
An endoplasm comes into view.
The helpless quokka fails to defend itself.
You tentacle-slap the quokka. You grab the quokka.
You constrict the quokka, but do no damage.
The quokka twitches its whiskers.
The quokka closely misses you.
You tentacle-slap the quokka.
You kill the quokka!
The helpless endoplasm fails to defend itself.
You tentacle-slap the endoplasm. You squeeze the endoplasm.
You kill the endoplasm!
No target in view!
You see here a +0 robe.
You open the door.
There is an open door here.
Natasha, Servant of Life and Death comes into view.
She is carrying a wand of flame.
Natasha hisses angrily.
Natasha zaps a wand.
The puff of flame hits you!
You take 8 damage, and have 16/24 hp.
MASSIVE DAMAGE!!
Natasha casts a spell.
The cerulean imp misses you.
You tentacle-slap Natasha but do no damage.
You grab Natasha. You squeeze Natasha. You constrict Natasha.
Natasha closely misses you.
You tentacle-slap Natasha. You squeeze Natasha. You constrict Natasha.
The cerulean imp misses you. Natasha casts a spell at you.
The magic dart hits you.
You take 5 damage, and have 12/24 hp.
MASSIVE DAMAGE!!
You barely miss Natasha. You constrict Natasha.
The cerulean imp hits you from afar with a +0 spear.
Natasha claws you.
* * * LOW HITPOINT WARNING * * *
You take 5 damage, and have 7/24 hp.
MASSIVE DAMAGE!!
You tentacle-slap Natasha.
You kill Natasha!
Natasha yowls pathetically as she dies!
The cerulean imp disappears in a puff of smoke!
Your Fighting skill increases to level 2!
You have reached level 4!
You regained 2 hp, and now have 9/29 hp.
MP restored: 4 Natasha, Servant of Life and Death comes into view.
She is carrying a wand of flame.
You regained 3 hp, and now have 12/29 hp.
You barely miss Natasha. Your grab misses Natasha.
Natasha zaps a wand.
The puff of flame hits you!
* * * LOW HITPOINT WARNING * * *
You take 7 damage, and have 6/29 hp.
MASSIVE DAMAGE!!
You closely miss Natasha. Your grab misses Natasha.
Natasha zaps a wand.
The puff of flame hits you!
You die...
Natasha curls up and begins to purr.

#...........# #.......#
#...........# #######.#
#...........# #.#
#.........!.###########.#
#...........'...........#
#...........#############
#...........#
#.........h.#
#.........h.#
###########.# #.# ..# .#
.# .# .#


You could see Natasha.

Vanquished Creatures
  Natasha (D:2)
  An adder (D:2)
  4 bats
  2 endoplasms
  3 giant cockroaches
  2 goblins
  3 hobgoblins
  2 kobolds (D:1)
  A quokka (D:2)
  4 ball pythons
  2 rats (D:1)
25 creatures vanquished.

Notes
Turn   | Place    | Note
-------+----------+-------------------------------------------
     0 | D:1      | sokol815 the Octopode Shapeshifter began the quest for the
                  | Orb.
     0 | D:1      | Reached XP level 1. HP: 13/13 MP: 1/1
   351 | D:1      | Reached XP level 2. HP: 8/18 MP: 2/2
   916 | D:2      | Reached XP level 3. HP: 23/24 MP: 3/3
  1089 | D:2      | Noticed Natasha
  1098 | D:2      | Killed Natasha
  1099 | D:2      | Reached skill level 2 in Fighting
  1099 | D:2      | Reached XP level 4. HP: 9/29 MP: 4/4
  1110 | D:2      | Noticed Natasha
  1117 | D:2      | HP: 6/29 [Natasha/puff of flame (7)]
  1118 | D:2      | Killed from afar by Natasha

Illustrated notes

Levels and vault maps discovered:
D:1:      lightli_arrival_chessboard, layout_basic
D:2:      layout_basic, uniq_natasha

Skill      XL: |  1  2  3 |
---------------+----------+-----
Fighting       | 2 |  2.0
Dodging        | |  2.6
Unarmed Combat | |  3.4
Shapeshifting  | |  3.5

Action                     |  1- 3 |  4- 6 || total
---------------------------+-------+-------++-------
  Melee: Unarmed           |    46 |     2 ||    48
         Constrict         |    13 |       ||    13
         Tentacles         |    12 |       ||    12
   Stab: Sleeping          |     4 |       ||     4
 Armour: Skin              |    26 |     2 ||    28
  Dodge: Dodged            |    34 |       ||    34
   Form: Beast             |     1 |       ||     1

Table legend: (Time is in decaauts)
 A = Elapsed time spent in this place.
 B = Non-inter-level travel time spent in this place.
 C = Inter-level travel time spent in this place.
 D = Time resting spent in this place.
 E = Time spent auto-exploring this place.
 F = Levels seen in this place.
 G = Mean time per level.
                   A        B        C        D        E       F      G
               +--------+--------+--------+--------+--------+-----+--------+
         Total |   1114 |   1090 |     24 |      0 |    920 |   2 |  557.0 |
       Dungeon |   1114 |   1090 |     24 |      0 |    920 |   2 |  557.0 |
               +--------+--------+--------+--------+--------+-----+--------+

Top non-repeatable levels by time:
     D:1: 772 daAuts
     D:2: 342 daAuts

Levels and vault maps discovered:
D:1:      lightli_arrival_chessboard, layout_basic
D:2:      layout_basic, uniq_natasha

Table legend: (Time is in decaauts)
 A = Elapsed time spent in this place.
 B = Non-inter-level travel time spent in this place.
 C = Inter-level travel time spent in this place.
 D = Time resting spent in this place.
 E = Time spent auto-exploring this place.
 F = Levels seen in this place.
 G = Mean time per level.
                   A        B        C        D        E       F      G
               +--------+--------+--------+--------+--------+-----+--------+
         Total |   1114 |   1090 |     24 |      0 |    920 |   2 |  557.0 |
       Dungeon |   1114 |   1090 |     24 |      0 |    920 |   2 |  557.0 |
               +--------+--------+--------+--------+--------+-----+--------+

Top non-repeatable levels by time:
     D:1: 772 daAuts
     D:2: 342 daAuts

Table legend:
 A = Kills in this place as a percentage of kills in the entire game.
 B = Kills by you in this place as a percentage of kills by you in the entire game.
 C = Kills by friends in this place as a percentage of kills by friends in the entire game.
 D = Other kills in this place as a percentage of other kills in the entire game.
 E = Experience gained in this place as a percentage of experience gained in the entire game.
 F = Experience gained in this place divided by the number of levels of this place that you have seen.
                   A       B       C       D       E      F
               +-------+-------+-------+-------+-------+----------------------
         Total | 100.0 | 100.0 |   N/A |   N/A | 100.0 |  44.5
       Dungeon | 100.0 | 100.0 |   N/A |   N/A | 100.0 |  44.5
               +-------+-------+-------+-------+-------+----------------------
